 Dungeon Crawl Stone Soup version 0.17-a0-2074-gaf3f87d (webtiles) character file.

492 Clownie the Skirmisher (level 6, -1/49 HPs)
             Began as a Demonspawn Chaos Knight on Oct 15, 2015.
             Slain by a troll (9 damage)
             ... on level 5 of the Dungeon.
             The game lasted 00:17:51 (4177 turns).

Clownie the Skirmisher (Demonspawn Chaos Knight)    Turns: 4177, Time: 00:17:51

Health: -1/49      AC:  6    Str: 13    XL:     6   Next: 91%
Magic:  6/6        EV: 13    Int: 13    God:    Xom [...*..]
Gold:   156        SH:  0    Dex: 14    Spells: 0 memorised, 5 levels left

rFire  . . .     SeeInvis .     w - +2 falchion (chaos)
rCold  . . .     Clarity  .     b - +3 leather armour
rNeg   . . .     SustAt   .     (no shield)
rPois  .         Gourm    .     (helmet restricted)
rElec  .         Spirit   .     (no cloak)
rCorr  .         Warding  .     (no gloves)
rMut   .         Stasis   .     (no boots)
MR     .....                    (no amulet)
Stlth  +.........               (no ring)
                                (no ring)

@: not resistant to hostile enchantments, very unstealthy
A: hooves 1, horns 1, demonic guardian 1, powered by death 2
a: Renounce Religion


You were on level 5 of the Dungeon.
You worshipped Xom.
You were a favourite toy of Xom.
You were not hungry.

You visited 1 branch of the dungeon, and saw 5 of its levels.

You collected 156 gold pieces.

Inventory:

Hand Weapons
 a - a +0 falchion of chaos
 m - a +2 rapier of draining
 n - a +0 mace of holy wrath
 t - a +0 blowgun
 u - a +0 dagger
 w - a +2 falchion of chaos (weapon)
Missiles
 p - 5 tomahawks (quivered)
 v - 8 poisoned needles
Armour
 b - a +3 leather armour (worn)
 y - a +0 ring mail
Scrolls
 e - 2 scrolls of magic mapping
 g - 3 scrolls of identify
 h - 2 scrolls of fog {unknown}
 i - 3 scrolls of blinking
 j - 3 scrolls of enchant armour
 o - 3 scrolls of remove curse
Potions
 f - a potion of cure mutation
 k - 2 potions of degeneration {unknown}
 l - a potion of heal wounds {unknown}
 q - a potion of poison
 r - 2 potions of curing
 s - a potion of invisibility {unknown}
 x - a potion of agility {unknown}
 z - a potion of haste {unknown}
 A - a potion of lignification {unknown}
Comestibles
 c - 2 bread rations
 d - 3 meat rations


   Skills:
 + Level 4.6 Fighting
 + Level 3.9 Long Blades
 + Level 3.0 Armour
 + Level 4.0 Dodging
 - Level 1.0 Stealth


You had 5 spell levels left.
You didn't know any spells.

Dungeon Overview and Level Annotations

Branches:
Dungeon (5/15)
 Temple: D:4-7

Altars:
Xom


Innate Abilities, Weirdness & Mutations

You have large cloven feet.
You have a pair of small horns on your head.
A weak demonic guardian rushes to your aid.
You regenerate health from kills.


Message History

Your iron imp disappears in a puff of smoke!
Your quasit bites something.
Your quasit barely misses something.
Your quasit claws something.
Something misses your quasit. Something claws your quasit! x2
Your quasit misses something.
Your quasit closely misses something.
Your quasit claws something but does no damage.
You slash something!
Nothing appears to happen.
You kick something. You headbutt something.
Your quasit disappears in a puff of smoke!
You see here a scroll of identify.
g - 3 scrolls of identify (gained 1)
There is a strange disturbance nearby!
You feel less regenerative. Something bites you! Something claws you.
Something claws you. Something bites you but does no damage.
Something claws you! Something claws you!
* * * LOW HITPOINT WARNING * * *
Something bites you!
You die... "Huh?
Did I miss anything?"

.........#....T..r
............#######
.........#..#
.........#..#
.........##.####
.........##....#
........##..###
####### #..##
########.@.##
#...........#
#.........>[#
#...........#
#...........#
#############


There were no monsters in sight!

Vanquished Creatures
  A black bear (D:3)
  A scorpion (D:5)
  A giant frog zombie (D:5)
  An iguana (shapeshifter) (D:2)
  A centaur zombie (D:5)
  A giant frog skeleton (D:4)
  3 worker ants
  An iguana (D:4)
  7 adders
  A shadow imp (D:5)
  2 worms
  5 giant geckos
  9 orcs
  A ball python (D:3)
  2 giant cockroaches (D:3)
  3 hobgoblins
  2 jackals (D:3)
  6 kobolds
  2 quokkas
  8 bats
  13 giant newts
  9 goblins
  4 rats
  5 plants (D:4)
89 creatures vanquished.

Vanquished Creatures (collateral kills)
  A quokka (D:5)
1 creature vanquished.

Vanquished Creatures (others)
  2 plants (D:4)
2 creatures vanquished.

Grand Total: 92 creatures vanquished

Notes
Turn   | Place    | Note
--------------------------------------------------------------
     0 | D:1      | Clownie the Demonspawn Chaos Knight began the quest for the Orb.
     0 | D:1      | Reached XP level 1. HP: 18/18 MP: 1/1
    23 | D:1      | XOM: silly message
   307 | D:1      | XOM: harmless Chrm miscast
   309 | D:1      | XOM: harmless Fire miscast
   427 | D:1      | XOM: harmless Ice miscast
   699 | D:1      | Gained mutation: You have a pair of small horns on your head. [demonic ancestry]
   699 | D:1      | Reached XP level 2. HP: 21/24 MP: 2/2
   772 | D:2      | XOM: divination: detect creatures
   840 | D:2      | XOM: divination: detect creatures
   908 | D:2      | XOM: noise
   934 | D:2      | XOM: harmless Conj miscast
   940 | D:2      | Gained mutation: You have large cloven feet. [demonic ancestry]
   940 | D:2      | Reached XP level 3. HP: 19/29 MP: 3/3
  1118 | D:2      | Noticed a centaur
  1118 | D:2      | a worm changed into a centaur
  1118 | D:2      | a centaur changed into an iguana
  1124 | D:2      | Reached skill level 1 in Dodging
  1411 | D:2      | Gained mutation: You regenerate a little health from kills. [demonic ancestry]
  1411 | D:2      | Reached XP level 4. HP: 34/37 MP: 4/4
  1782 | D:3      | Reached skill level 4 in Fighting
  1797 | D:3      | Noticed a black bear
  1802 | D:3      | XOM: confuse monster(s)
  1808 | D:3      | XOM: summons friendly white imp
  1918 | D:2      | XOM: vitrification
  2000 | D:3      | Killed a black bear
  2000 | D:3      | Reached skill level 1 in Stealth
  2000 | D:3      | Gained mutation: You regenerate health from kills. [demonic ancestry]
  2000 | D:3      | Reached XP level 5. HP: 35/42 MP: 5/5
  2364 | D:3      | XOM: 5-stop teleportation journey
  2665 | D:3      | XOM: divination: detect creatures
  2727 | D:3      | XOM: scenery: create altars
  2766 | D:3      | XOM: harmless Fire miscast
  2874 | D:3      | XOM: god gift: glowing falchion {god gift}
  3104 | D:3      | XOM: noise
  3313 | D:4      | Gained mutation: A weak demonic guardian rushes to your aid. [demonic ancestry]
  3313 | D:4      | Reached XP level 6. HP: 30/49 MP: 6/6
  3508 | D:4      | XOM: cast spell 'Spider Form'
  3721 | D:4      | XOM: 9-stop teleportation journey
  3812 | D:4      | XOM: mild Tloc miscast
  3813 | D:4      | Noticed a spatial vortex
  3872 | D:4      | XOM: scenery: 1 doors close
  3905 | D:5      | Entered Level 5 of the Dungeon
  4136 | D:5      | Noticed a troll
  4137 | D:5      | XOM: enchant monster (good)
  4177 | D:5      | Slain by a troll

Vault maps used:
D:1:      arrival_zaba_pyramid
D:3:      minivault_19
D:4:      nrook_mini_backslash, st_stairs_4, minmay_lizard_king
D:5:      kennysheep_big_flooded_room, makhleb_grotto_becter, first_bread,
          uniq_duvessa, uniq_eustachio

Action                   |  1- 3 |  4- 6 || total
-------------------------+-------+-------++-------
Melee: Falchion          |    79 |   252 ||   331
       Unarmed           |       |     3 ||     3
  Use: Scroll            |     6 |     5 ||    11
       Potion            |     1 |     2 ||     3
 Stab: Sleeping          |     1 |     1 ||     2
       Paralysed         |     1 |       ||     1
       Petrifying        |       |     1 ||     1
       Petrified         |       |     1 ||     1
  Eat: Chunk             |     1 |     6 ||     7
       Pizza             |       |     1 ||     1
       Bread ration      |       |     1 ||     1
